 Dungeon Crawl Stone Soup version 0.25-a0-1015-g4819203062 (webtiles) character file.

Game seed: 4198212663513143930, levelgen mode: deterministic

8 Chiseanne the Caller (level 2, 20/20 HPs)
             Began as a Demonspawn Wanderer on May 12, 2020.
             Quit the game on level 1 of the Dungeon.
             The game lasted 00:00:55 (339 turns).

Chiseanne the Caller (Demonspawn Wanderer)           Turns: 339, Time: 00:00:56

Health: 20/20      AC:  3    Str: 12    XL:     2   Next: 0%
Magic:  5/5        EV: 11    Int: 11    God:
Gold:   12         SH:  0    Dex: 14    Spells: 4/5 levels left

rFire    . . .     SeeInvis .   a - +2 dagger
rCold    . . .     Gourm    .   (no shield)
rNeg     . . .     Faith    .   i - +0 leather armour
rPois    .         Spirit   .   (no helmet)
rElec    .         Reflect  .   (no cloak)
rCorr    .         Harm     .   (no gloves)
MR       .....                  (no boots)
Stlth    +.........             (no amulet)
HPRegen  0.06/turn              (no ring)
MPRegen  0.09/turn              (no ring)

@: no status effects
A: claws 1
a: no special abilities


You were on level 1 of the Dungeon.
You were not hungry.

You visited 1 branch of the dungeon, and saw 1 of its levels.

You collected 12 gold pieces.

Inventory:

Hand Weapons
 a - a +2 dagger (weapon)
Missiles
 b - 2 curare-tipped darts (quivered)
Armour
 i - a +0 leather armour (worn)
Scrolls
 c - 3 scrolls of identify {unknown}
 d - a scroll of teleportation {unknown}
 e - a scroll of blinking {unknown}
 j - a scroll of enchant armour {unknown}
Potions
 h - a potion of magic {unknown}
Comestibles
 f - a ration
 g - 2 chunks of flesh


   Skills:
 * Level 0.9 Fighting
 - Level 1.0 Throwing
 * Level 0.4 Armour
 * Level 0.7 Dodging
 - Level 1.0 Stealth
 - Level 2.0 Spellcasting
   Level 1.7 Charms
   Level 2.0 Summonings
   Level 1.1 Necromancy
   Level 1.0 Earth Magic


You had 4 spell levels left.
You knew the following spells:

 Your Spells              Type           Power        Failure   Level  Hunger
a - Foxfire               Conj/Fire      #...         36%         1    ##.....

Your spell library contained the following spells:

 Spells                   Type           Power        Failure   Level  Hunger
 Stone Arrow              Conj/Erth      #.....       65%         3    ####...


Dungeon Overview and Level Annotations

Branches:
Dungeon (1/15)

Altars:


Innate Abilities, Weirdness & Mutations

You have sharp fingernails.


Message History

You open the door.
A dart slug comes into view.
There is an open door here.
The helpless dart slug fails to defend itself.
You hit the dart slug.
The dart slug is heavily wounded.
The dart slug completely misses you.
You hit the dart slug.
The dart slug is severely wounded.
You hit the dart slug.
You kill the dart slug!
You have reached level 2!
Your demonic ancestry asserts itself...
Your fingernails lengthen.
You open the door.
There is an open door here.
As you open the door, it creaks loudly!
A bat comes into view.
There is an open door here.
Are you sure you want to abandon this character and quit the game? (Confirm with "yes".)

#.....#....#
#.....
#.....#....###
......
#.............
.......
#.....########
.....
#?#.....'.......
....#
........########
##... ....#...#
#### ....#...###
... +...@.# #
#...#.#
#.....#.#
#.###.#.# #.
#.#.# . #.#.# .
#.#.# #b .#


You could see a bat.

Vanquished Creatures
  A dart slug (D:1)
  A giant cockroach (D:1)
  2 goblins (D:1)
  A bat (D:1)
  A rat (D:1)
6 creatures vanquished.

Notes
Turn   | Place    | Note
-------+----------+-------------------------------------------
     0 | D:1      | Chiseanne the Demonspawn Wanderer began the quest for the
                  | Orb.
     0 | D:1      | Chiseanne set off with the following items: a +2 dagger, 2
                  | curare-tipped darts, a +0 robe, a ration; and the following
                  | spell memorised: Foxfire; and the following spells
                  | available to memorise: Stone Arrow
     0 | D:1      | Reached XP level 1. HP: 13/13 MP: 3/3
   325 | D:1      | Gained mutation: You have sharp fingernails. [demonic
                  | ancestry]
   325 | D:1      | Reached XP level 2. HP: 20/20 MP: 5/5
   339 | D:1      | Quit the game

Illustrated notes

Levels and vault maps discovered:
D:1:      mrwooster_arrival_statue, layout_basic

Action                   || total
-------------------------++-------
Melee: Dagger            ||    22
 Stab: Sleeping          ||     2
Armor: Leather armour    ||     2
       Robe              ||     1
Dodge: Dodged            ||    11

Table legend:
 A = Non-vault XP
 B = Vault XP
 C = Vault XP percentage of total XP
 D = Non-vault monster count
 E = Vault monster count
 F = Vault count percentage of total count
                 A         B        C        D         E       F
            +---------+---------+-------+---------+---------+-------
      Total |      12 |       0 |   0.0 |       6 |       0 |   0.0
            +---------+---------+-------+---------+---------+-------
        D:1 |      12 |       0 |   0.0 |       6 |       0 |   0.0
            +---------+---------+-------+---------+---------+-------
